 Dungeon Crawl Stone Soup version 0.32-a0-22-g6ae6769602 (webtiles) character file.

Game seed: 4485448460747898063

48 Hellonello the Insei (level 3, 26/26 HPs)
             Began as a Gnoll Shapeshifter on Jan 18, 2024.
             Quit the game on level 2 of the Dungeon.
             The game lasted 00:02:41 (1497 turns).

Hellonello the Insei (Gnoll Shapeshifter)           Turns: 1497, Time: 00:02:42

Health: 26/26      AC:  0    Str: 13    XL:     3   Next: 72%
Magic:  4/4        EV: 17    Int:  9    God:
Gold:   51         SH:  0    Dex: 13    Spells: 4/4 levels left

rFire   . .          .
                       - Unarmed
rCold   . . .        (shield currently unavailable)
rNeg    . . .        a - melded +0 animal skin
rPois   .            (no helmet)
rElec   .            (no cloak)
rCorr   .            (no gloves)
SInv    .            (no boots)
Will    .....        (no amulet)
Stlth   +            (no ring)
HPRegen 0.24/turn    (no ring)
MPRegen 0.09/turn

%: no passive effects
@: flux-form, glowing, very slow
A: glow, contaminating, reduced hp, fangs 1, strong nose, distributed training
a: Begin Untransformation


You were on level 2 of the Dungeon.
You were something dangerously unstable.
You visited 1 branch of the dungeon, and saw 2 of its levels.

You collected 51 gold pieces.

Inventory:

Armour
 a - a +0 animal skin (melded)
Jewellery
 g - a ring of flight
Talismans
 c - a beast talisman
 d - a flux talisman (active)
Scrolls
 e - a scroll of fear
 i - a scroll of teleportation {unknown}
Potions
 b - a potion of lignification
 f - a potion of might {unknown}
 h - a potion of brilliance
 j - a potion of ambrosia {unknown}


   Skills:
 + Level 2.6 Fighting
 + Level 1.0 Short Blades
 + Level 1.0 Long Blades
 + Level 1.0 Axes
 + Level 1.0 Maces & Flails
 + Level 1.0 Polearms
 + Level 1.0 Staves
 + Level 1.0 Ranged Weapons
 + Level 1.0 Throwing
 + Level 1.0 Armour
 + Level 4.6 Dodging
 + Level 1.0 Stealth
 + Level 1.0 Shields
 + Level 6.5 Unarmed Combat
 + Level 1.0 Spellcasting
 + Level 0.7 Conjurations
 + Level 0.7 Hexes
 + Level 0.7 Summonings
 + Level 0.7 Necromancy
 + Level 0.7 Translocations
 + Level 0.7 Fire Magic
 + Level 0.7 Ice Magic
 + Level 0.7 Air Magic
 + Level 0.7 Earth Magic
 + Level 0.7 Alchemy
 + Level 1.0 Invocations
 + Level 1.0 Evocations
 + Level 6.5 Shapeshifting


You had 4 spell levels left.
You didn't know any spells.
Your spell library was empty.

Dungeon Overview and Level Annotations

Branches:
Dungeon (2/15)

Altars:

Shops:
D:2 [


Innate Abilities, Weirdness & Mutations

You are something dangerously unstable.
You glow with magical radiation, making you easy to see and hit.
Foes you strike become dangerously contaminated with magical radiation.
Your maximum health is decreased, since you lack skill for your form.
You are incapable of wielding weapons or throwing items.
You have very sharp teeth.
Your uncanny sense of smell can sniff out nearby items.
Your experience applies equally to all skills.


Message History

Found a stone staircase leading up.
A goblin comes into view. It is wielding a +0 club.
The goblin unwields a +0 club.
The goblin wields a +0 sling.
The goblin shoots a sling bullet.
The sling bullet hits you.
The goblin shoots a sling bullet.
The sling bullet misses you.
The goblin shoots a sling bullet.
The sling bullet hits you.
A ball python comes into view.
The goblin shoots a sling bullet.
The sling bullet hits you.
The goblin shoots a sling bullet.
The sling bullet barely misses you. The ball python closely misses you.
The ball python completely misses you.
You hit the ball python.
You kill the ball python!
The goblin unwields a +0 sling.
The goblin wields a +0 club.
The goblin misses you.
You hit the goblin but do no damage.
The goblin begins to glow.
The goblin hits you with a +0 club.
You hit the goblin.
You kill the goblin!
Things that are here:
a +0 club; a +0 sling A rat comes into view.
The rat squeaks loudly.
The rat moves out of view.
The rat bites you.
A rat is nearby!
You completely miss the rat. Your bite misses the rat. The rat misses you.
You hit the rat but do no damage.
The rat begins to glow.
The rat misses you.
You hit the rat but do no damage.
The rat glows dangerously bright.
The rat barely misses you.
You punch the rat!
You kill the rat!
You see here a +0 dagger.
You see here a +0 club.
You see here 3 javelins.
You enter the shallow water.
Moving in this stuff is going to be slow.
Done exploring.
Done exploring.
Done exploring.
Are you sure you want to abandon this character and quit the game? (Confirm with "yes".)

########## ####
###........## ...######
#......###..# #.......#
##.#P~♣~♣###.#
#..####.###..♣♣~~~~♣ #.#
............♣♣P~~~P♣##.#
#..####.###.♣~~~~~~~♣#.#
#..####.# #♣~~~~p♣♣~~♣.##
.....(..##♣~~~P~P~~~P♣..#
########...♣~~~~~P~~P~♣.#
########...♣~P~≈≈≈~~♣~♣.#
#.....##...♣~~~≈≈≈≈~P♣..##
#.....##..♣♣~≈≈≈≈≈≈~~~P..#
#.....##.♣P~~~≈≈≈≈≈≈~~♣..#
#.....##.♣♣~~~≈≈≈≈≈≈~~♣♣.#
#.....##.♣~~P≈≈≈≈≈≈≈~~♣♣.#


There were no monsters in sight!

Vanquished Creatures
  An adder (D:2)
  A dart slug (D:1)
  4 bats
  4 endoplasms
  2 giant cockroaches (D:1)
  7 goblins
  A hobgoblin (D:1)
  3 kobolds
  A quokka (D:1)
  8 ball pythons
  A frilled lizard (D:2)
  4 rats (D:2)
37 creatures vanquished.

Notes
Turn   | Place    | Note
-------+----------+-------------------------------------------
     0 | D:1      | Hellonello the Gnoll Shapeshifter began the quest for the
                  | Orb.
     0 | D:1      | Reached XP level 1. HP: 17/17 MP: 1/1
   141 | D:1      | Reached XP level 2. HP: 21/23 MP: 2/2
   286 | D:1      | Found a faded altar of an unknown god.
   370 | D:1      | Reached XP level 3. HP: 26/28 MP: 3/3
   628 | D:2      | Reached skill level 1 in Invocations
   736 | D:2      | Found Woosk's Armour Emporium.
  1129 | D:2      | Reached skill level 1 in Short Blades
  1129 | D:2      | Reached skill level 1 in Long Blades
  1129 | D:2      | Reached skill level 1 in Axes
  1129 | D:2      | Reached skill level 1 in Maces & Flails
  1129 | D:2      | Reached skill level 1 in Polearms
  1129 | D:2      | Reached skill level 1 in Staves
  1129 | D:2      | Reached skill level 1 in Ranged Weapons
  1129 | D:2      | Reached skill level 1 in Throwing
  1129 | D:2      | Reached skill level 1 in Armour
  1129 | D:2      | Reached skill level 1 in Stealth
  1129 | D:2      | Reached skill level 1 in Shields
  1129 | D:2      | Reached skill level 1 in Spellcasting
  1129 | D:2      | Reached skill level 1 in Evocations
  1497 | D:2      | Quit the game

Illustrated notes

Levels and vault maps discovered:
D:1:      dpeg_arrival_tiny_h, layout_basic, shapermc_ecumenical_altar_ellora
D:2:      layout_loops_cross, serial_shops, shop, mrwooster_statue_mirror,
          grunt_ministairs_10, serial_bayou_lake_a

Skill      XL: |  1  2  3 |
---------------+----------+-----
Invocations    | 1 |  1.0
Short Blades   | 1 |  1.0
Long Blades    | 1 |  1.0
Axes           | 1 |  1.0
Maces & Flails | 1 |  1.0
Polearms       | 1 |  1.0
Staves         | 1 |  1.0
Ranged Weapons | 1 |  1.0
Throwing       | 1 |  1.0
Armour         | 1 |  1.0
Stealth        | 1 |  1.0
Shields        | 1 |  1.0
Spellcasting   | 1 |  1.0
Evocations     | 1 |  1.0
Fighting       | |  2.6
Dodging        | |  4.6
Unarmed Combat | |  6.5
Conjurations   | |  0.7
Hexes          | |  0.7
Summonings     | |  0.7
Necromancy     | |  0.7
Translocations | |  0.7
Fire Magic     | |  0.7
Ice Magic      | |  0.7
Air Magic      | |  0.7
Earth Magic    | |  0.7
Alchemy        | |  0.7
Shapeshifting  | |  6.5

Action                     || total
---------------------------++-------
  Melee: Unarmed           ||   101
         Bite              ||    13
    Use: Scroll            ||     2
 Armour: Skin              ||    20
  Dodge: Dodged            ||    84
   Form: Flux              ||     1

Table legend: (Time is in decaauts)
 A = Elapsed time spent in this place.
 B = Non-inter-level travel time spent in this place.
 C = Inter-level travel time spent in this place.
 D = Time resting spent in this place.
 E = Time spent auto-exploring this place.
 F = Levels seen in this place.
 G = Mean time per level.
                   A        B        C        D        E       F      G
               +--------+--------+--------+--------+--------+-----+--------+
         Total |   1501 |   1471 |     30 |     84 |   1128 |   2 |  750.5 |
       Dungeon |   1501 |   1471 |     30 |     84 |   1128 |   2 |  750.5 |
               +--------+--------+--------+--------+--------+-----+--------+

Top non-repeatable levels by time:
     D:2: 883 daAuts
     D:1: 618 daAuts
